 Dungeon Crawl Stone Soup version 0.31-a0-726-g3c93526463 (webtiles) character file.

Game seed: 4422770640434586145

1315 BritishOli the Trooper (level 8, 0/67 HPs)
             Began as a Demonspawn Fighter on Sept 11, 2023.
             Was an Initiate of Makhleb.
             Slain by an ice beast (11 damage)
             ... on level 7 of the Dungeon.
             The game lasted 00:09:02 (4479 turns).

BritishOli the Trooper (Demonspawn Fighter)         Turns: 4479, Time: 00:09:03

Health: 0/67       AC: 12    Str: 18    XL:     8   Next: 33%
Magic:  8/8        EV:  9    Int: 11    God:    Makhleb [......]
Gold:   331        SH:  6    Dex: 12    Spells: 7/7 levels left

rFire   . . .        a - +0 war axe
rCold   . . .        c - +1 buckler
rNeg    . . .        b - +0 scale mail
rPois   .            (helmet restricted)
rElec   .            (no cloak)
rCorr   .            p - +2 pair of gloves
SInv    .            (no boots)
Will    .....        (no amulet) Stlth
                     n - +4 ring of slaying
HPRegen 0.31/turn    (no ring)
MPRegen 0.11/turn

%: no passive effects
@: no status effects
A: antennae 1, yellow scales 1, demonic guardian 1, powered by death 2
a: Renounce Religion


You were on level 7 of the Dungeon.
You worshipped Makhleb.
Makhleb was noncommittal.
You visited 2 branches of the dungeon, and saw 8 of its levels.

You collected 331 gold pieces.

Inventory:

Hand Weapons
 a - a +0 war axe (weapon)
Missiles
 d - 3 javelins
Armour
 b - a +0 scale mail (worn)
 c - a +1 buckler (worn)
 p - a +2 pair of gloves (worn)
Jewellery
 n - a +4 ring of slaying (left hand)
Scrolls
 f - a scroll of noise
 g - 2 scrolls of blinking
 h - 2 scrolls of amnesia
 j - a scroll of immolation
 k - 2 scrolls of fog
 l - 2 scrolls of torment
Potions
 m - a potion of ambrosia {unknown}
 r - a potion of heal wounds {unknown}
 s - a potion of haste {unknown}
 t - a potion of degeneration {unknown}
 u - a potion of attraction
 v - a potion of curing


   Skills:
 + Level 7.0 Fighting
 + Level 6.0 Axes
 - Level 4.0 Armour
 - Level 4.1 Shields


You had 7 spell levels left.
You didn't know any spells.
Your spell library contained the following spells:

 Spells                   Type           Power      Damage    Failure   Level
 Magic Dart               Conj           0%         1d3       80%         1
 Necrotise                Necr           0%         1d4       80%         1
 Call Imp                 Summ           0%         N/A       90%         2
 Frozen Ramparts          Ice            0%         1d1       99%         3
 Mephitic Cloud           Conj/Pois/Air  0%         N/A       99%         3
 Vampiric Draining        Necr           0%         2d6       99%         3
 Petrify                  Tmut/Erth      0%         N/A       100%        4
 Agony                    Necr           0%         N/A       100%        5
 Metabolic Englaciation   Hex/Ice        0%         N/A       100%        5


Dungeon Overview and Level Annotations

Branches:
Dungeon (7/15)             Temple (1/1) D:6

Altars:
Dithmenos
Fedhas
Gozag
Hepliaklqana
Kikubaaqudgha
Makhleb
Nemelex Xobeh
Qazlal
Ru
Sif Muna
Trog
Vehumet
Xom

Shops:
D:1 =   D:5 :   D:7 (

Annotations:
D:2 Sigmund


Innate Abilities, Weirdness & Mutations

You have a pair of small antennae on your head.
You are partially covered in yellow scales. (AC +2)
A weak demonic guardian rushes to your aid.
You regenerate health from kills.


Message History

You hit the ice beast.
The ice beast is moderately wounded.
The ice beast closely misses you.
You closely miss the ice beast.
The ice beast is moderately wounded.
The ice beast hits you but does no damage.
The ice beast hits you. The ice beast freezes you!
You slash the ice beast!
The ice beast is severely wounded.
You block the ice beast's attack.
You hit the ice beast but do no damage.
The ice beast is severely wounded.
The ice beast hits you but does no damage.
You hit the ice beast.
The ice beast is almost dead.
The ice beast barely misses you.
You completely miss the ice beast.
The ice beast is almost dead.
The ice beast hits you. The ice beast freezes you!
You block the ice beast's attack.
You closely miss the ice beast.
The ice beast is almost dead.
You hear the faint creaking of a portcullis nearby.
The ice beast hits you. The ice beast freezes you!
You hit the ice beast.
The ice beast is almost dead.
The ice beast hits you but does no damage.
You swap places.
The ice beast misses your quasit.
Your quasit barely misses the ice beast. x2
Your quasit closely misses the ice beast.
You swap places.
The ice beast hits you.
* * * LOW HITPOINT WARNING * * *
The ice beast freezes you.
* * * LOW HITPOINT WARNING * * *
You closely miss the ice beast.
The ice beast is almost dead.
The ice beast hits you.
* * * LOW HITPOINT WARNING * * *
The ice beast freezes you!
You die...

##.......)....
...
#.............
...
##............
...
###......)...
...
##..........
##..#####....
#...# ###.
#.#5# #.#@#
#.#Y# ...s#
..$.. ......
.......
..[.....
..........


You could see an ice beast (ally target), a scorpion and a friendly quasit
(summoned).

Vanquished Creatures
  2 ice beasts
  4 phantoms
  3 bullfrogs (D:7)
  A scorpion (D:6)
  A howler monkey (D:4)
  A hound (D:3)
  2 jellies (D:7)
  2 sleepcaps
  5 iguanas
  8 adders
  3 gnolls
  2 shadow imps (D:6)
  2 worms (D:4)
  2 dart slugs (D:4)
  5 orcs
  9 bats
  4 endoplasms
  4 giant cockroaches
  5 goblins
  7 hobgoblins
  7 jackals
  4 kobolds
  8 quokkas
  7 ball pythons
  A frilled lizard (D:3)
  7 rats
106 creatures vanquished.

Vanquished Creatures (collateral kills)
  A scorpion (D:6)
1 creature vanquished.

Grand Total: 107 creatures vanquished

Notes
Turn   | Place    | Note
-------+----------+-------------------------------------------
     0 | D:1      | BritishOli the Demonspawn Fighter began the quest for the
                  | Orb.
     0 | D:1      | Reached XP level 1. HP: 18/18 MP: 1/1
    80 | D:1      | Found Vucyck's Jewellery Shoppe.
   261 | D:1      | Gained mutation: You regenerate a little health from kills.
                  | [demonic ancestry]
   261 | D:1      | Reached XP level 2. HP: 24/24 MP: 2/2
   674 | D:2      | Gained mutation: You have a pair of small antennae on your
                  | head. [demonic ancestry]
   674 | D:2      | Reached XP level 3. HP: 29/29 MP: 3/3
  1332 | D:2      | Noticed Sigmund
  1443 | D:2      | HP: 1/29 [gnoll/+0 spear (7)]
  1444 | D:2      | Gained mutation: A weak demonic guardian rushes to your
                  | aid. [demonic ancestry]
  1444 | D:2      | Reached XP level 4. HP: 2/35 MP: 4/4
  1620 | D:3      | Noticed a phantom
  1637 | D:3      | Killed a phantom
  1638 | D:3      | Gained mutation: You regenerate health from kills. [demonic
                  | ancestry]
  1638 | D:3      | Reached XP level 5. HP: 33/42 MP: 5/5
  1984 | D:3      | Reached skill level 4 in Fighting
  2515 | D:4      | Reached XP level 6. HP: 48/48 MP: 6/6
  3528 | D:5      | Entered Level 5 of the Dungeon
  3608 | D:5      | Gained mutation: You are partially covered in yellow
                  | scales. (AC +2) [demonic ancestry]
  3608 | D:5      | Reached XP level 7. HP: 42/55 MP: 7/7
  3751 | D:5      | Found Cuax's Book Boutique.
  3759 | D:5      | Reached skill level 5 in Fighting
  4053 | D:6      | Found a staircase to the Ecumenical Temple.
  4061 | Temple   | Entered the Ecumenical Temple
  4077 | Temple   | Became a worshipper of Makhleb the Destroyer
  4149 | D:6      | Found a sacrificial altar of Ru.
  4165 | D:6      | Noticed a yak
  4165 | D:6      | Noticed a yak
  4165 | D:6      | Noticed a yak
  4183 | D:6      | Noticed a yak
  4184 | D:6      | Noticed a yak
  4203 | D:6      | Reached skill level 6 in Fighting
  4203 | D:6      | Reached skill level 5 in Axes
  4387 | D:7      | Found Ymmotucwy's Firing Range.
  4393 | D:7      | Reached XP level 8. HP: 51/65 MP: 8/8
  4467 | D:7      | Reached skill level 7 in Fighting
  4479 | D:7      | Slain by an ice beast

Illustrated notes

Levels and vault maps discovered:
D:1:      heliophobic_arrival_glass_houses, layout_basic, serial_shops, shop
D:2:      minmay_alternating_diamond, layout_loops_corners, uniq_sigmund
D:3:      layout_loops_ring
D:4:      minmay_spotlight, layout_cave_pods, hangedman_glass_teeth
D:5:      layout_basic, serial_shops, nicolae_shop_crystal,
          nicolae_elevator_lobby_asterisk
D:6:      layout_loops_cross, mainiacjoe_overflow_small_starburst,
          nicolae_overflow_crystal_walls, minmay_temple_entry_butterflies,
          serial_shops, shop, grunt_ministairs_14, corexii_shack
D:7:      layout_rooms, lemuel_coloured_pillars_altar, enter_bailey_2,
          nicolae_shop_firing_range
Temple:   oiseaux_autumnal_temple

Skill      XL: |  1  2  3  4  5  6  7  8 |
---------------+-------------------------+-----
Axes           | 2 3 4 5 6 |  6.0
Shields        | 3 4 |  4.1
Armour         | 3 4 |  4.0
Fighting       | 4 6 7 |  7.0

Action                     |  1- 3 |  4- 6 |  7- 9 || total
---------------------------+-------+-------+-------++-------
  Melee: War axe           |   106 |   154 |   110 ||   370
    Use: Potion            |     2 |     2 |       ||     4
         Scroll            |       |       |    11 ||    11
 Armour: Scale mail        |   108 |   115 |   109 ||   332
  Dodge: Dodged            |    49 |    61 |    49 ||   159
  Block: Buckler           |    31 |    51 |    29 ||   111

Table legend: (Time is in decaauts)
 A = Elapsed time spent in this place.
 B = Non-inter-level travel time spent in this place.
 C = Inter-level travel time spent in this place.
 D = Time resting spent in this place.
 E = Time spent auto-exploring this place.
 F = Levels seen in this place.
 G = Mean time per level.
                   A        B        C        D        E       F      G
               +--------+--------+--------+--------+--------+-----+--------+
         Total |   4605 |   4385 |    220 |    477 |   2906 |   8 |  575.6 |
       Dungeon |   4573 |   4384 |    189 |    477 |   2906 |   7 |  653.3 |
        Temple |     32 |      1 |     31 |      0 |      0 |   1 |   32.0 |
               +--------+--------+--------+--------+--------+-----+--------+

Top non-repeatable levels by time:
     D:4: 1050 daAuts
     D:3: 998 daAuts
     D:2: 951 daAuts
     D:1: 620 daAuts
     D:5: 467 daAuts
     D:6: 330 daAuts
     D:7: 154 daAuts
  Temple: 32 daAuts
